 Dungeon Crawl Stone Soup version 0.31-a0-702-gf82c85558f (webtiles) character file.

Game seed: 10567566743087900873

935 qw the Skirmisher (level 8, -5/49 HPs)
             Began as a Gargoyle Hunter on Sept 8, 2023.
             Slain by Prince Ribbit (11 damage)
             ... on level 6 of the Dungeon.
             The game lasted 00:01:42 (4301 turns).

qw the Skirmisher (Gargoyle Hunter)                 Turns: 4301, Time: 00:01:42

Health: -5/49      AC: 10    Str: 15      XL:     8   Next: 11%
Magic:  8/8        EV: 10    Int: 12 (13) God:
Gold:   249        SH:  0    Dex: 12 (14) Spells: 7/7 levels left

rFire   + . .        Y - +2 shortbow
rCold   + . .        (shield currently unavailable)
rNeg    + . .        h - +0 ring mail
rPois   inf          (helmet restricted)
rElec   +            (no cloak)
rCorr   .            (no gloves)
SInv    .            (no boots)
Will    .....        (no amulet)
Stlth   +            k - ring of protection from cold
HPRegen 0.28/turn    (no ring)
MPRegen 0.11/turn

%: no passive effects
@: about to teleport
A: sickness immunity, AC +5, negative energy resistance 1, electricity
resistance, torment resistance 1, petrification resistance, antennae 1, clever
1, fire resistance 1
a: no special abilities


You were on level 6 of the Dungeon.
You visited 1 branch of the dungeon, and saw 6 of its levels.

You collected 249 gold pieces.


Innate Abilities, Weirdness & Mutations

You are immune to sickness and miasma.
Your stone body is resilient. (AC +5)
You are immune to poison.
You resist negative energy. (rN+)
You are resistant to electric shocks. (rElec)
You are resistant to unholy torment.
You are immune to petrification.
You have a pair of small antennae on your head.
Your mind is acute. (Int +4, Str/Dex -1)
Your flesh is heat resistant. (rF+)


   Skills:
 - Level 5.0 Fighting
 + Level 8.9 Ranged Weapons
 - Level 1.2 Armour
 - Level 1.5 Dodging
 - Level 1.1 Stealth


You had 7 spell levels left.
You didn't know any spells.
Your spell library was empty.

Inventory:

Hand Weapons
 Y - a +2 shortbow (weapon)
Armour
 h - a +0 ring mail (worn)
Jewellery
 c - a ring of ice
 k - a ring of protection from cold (left hand)
Scrolls
 a - a scroll of teleportation
 i - a scroll of identify
Potions
 d - a potion of mutation

Dungeon Overview and Level Annotations

Branches:
Dungeon (6/15)
 Temple: D:4-7

Altars:
Cheibriados
Gozag
Sif Muna
Uskayaw
The Shining One

Annotations:
D:4 1 runed translucent door, Crazy Yiuf
D:6 Prince Ribbit


Message History

You shoot an arrow. The arrow misses Prince Ribbit.
You shoot an arrow. The arrow hits Prince Ribbit.
Prince Ribbit is lightly wounded.
You shoot an arrow. The arrow misses Prince Ribbit.
Prince Ribbit hops awkwardly around.
Prince Ribbit hits you!
Prince Ribbit lets out a mournful croak.
Prince Ribbit blinks!
You shoot an arrow. The arrow misses Prince Ribbit.
You shoot an arrow. The arrow barely misses Prince Ribbit.
Prince Ribbit blinks!
You shoot an arrow. The arrow barely misses Prince Ribbit.
Prince Ribbit blinks!
You shoot an arrow. The arrow barely misses Prince Ribbit.
Prince Ribbit hits you.
You shoot an arrow. The arrow closely misses Prince Ribbit.
Prince Ribbit closely misses you.
You shoot an arrow. The arrow hits Prince Ribbit.
Prince Ribbit is moderately wounded.
Prince Ribbit hits you!
You shoot an arrow. The arrow hits Prince Ribbit!
Prince Ribbit is heavily wounded.
Prince Ribbit barely misses you. Prince Ribbit hits you!
You shoot an arrow. The arrow misses Prince Ribbit.
Prince Ribbit barely misses you. x2
You shoot an arrow. The arrow closely misses Prince Ribbit.
Prince Ribbit blinks!
You shoot an arrow. The arrow barely misses Prince Ribbit.
You shoot an arrow. The arrow hits Prince Ribbit!
Prince Ribbit is severely wounded.
Prince Ribbit hits you!
Prince Ribbit blinks!
You shoot an arrow. The arrow hits Prince Ribbit.
Prince Ribbit is almost dead.
You shoot an arrow. The arrow hits Prince Ribbit.
Prince Ribbit is almost dead.
4301 ||| READING 2 scrolls of teleportation.
As you read the scroll of teleportation, it crumbles to dust.
You feel strangely unstable. Prince Ribbit hits you!
You die...

#.## #..( ..## #.#
...# #.# ##..# #.# #
#...# #.# ###.#...#
#.# #....@F.# #.#
#...#.###.#.#.# .
#.......#.#######
#######.####.#...(<#
#.............#.####
#.#####.#######.#
#.# #.# #.# #.# #..
#.#


You could see Prince Ribbit.

Vanquished Creatures
  Grinder (D:4)
  Menkaure (D:5)
  An ogre (D:5)
  3 hounds
  A jelly (D:5)
  A sleepcap (D:4)
  An iguana (D:5)
  5 orc wizards (D:4)
  Robin (D:4)
  6 gnolls
  9 adders
  2 ufetubi (D:4)
  4 worms
  2 dart slugs (D:3)
  8 orcs
  9 bats
  3 endoplasms
  2 giant cockroaches
  11 goblins
  5 hobgoblins
  3 kobolds (D:4)
  2 quokkas
  5 ball pythons
  3 frilled lizards
  6 rats
95 creatures vanquished.

Notes
Turn   | Place    | Note
-------+----------+-------------------------------------------
     0 | D:1      | qw the Gargoyle Hunter began the quest for the Orb.
     0 | D:1      | Reached XP level 1. HP: 12/12 MP: 1/1
     0 | D:1      | 0 ||| qw: Version: 0.3-a-76-g4403597
     0 | D:1      | 0 ||| qw: Game counter: 990
     0 | D:1      | 0 ||| qw: Melee chars always use a shield: true
     0 | D:1      | 0 ||| qw: God list: Okawaru
     0 | D:1      | 0 ||| qw: Allow faded altars: false
     0 | D:1      | 0 ||| qw: Do Orc after clearing Dungeon:15 true
     0 | D:1      | 0 ||| qw: Do second Lair branch before Depths: true
     0 | D:1      | 0 ||| qw: Lair rune preference: random
     0 | D:1      | 0 ||| qw: Goals: Normal
     0 | D:1      | 0 ||| PLANNING D:1-11
   180 | D:1      | Reached XP level 2. HP: 17/17 MP: 2/2
   670 | D:1      | 670 ||| UPGRADING to +0 ring mail.
   680 | D:1      | 680 ||| DROPPING +0 leather armour.
   681 | D:1      | 681 ||| READING 2 scrolls labelled GOEMME MEQO.
   682 | D:1      | 682 ||| READING scroll labelled YLIEKURPHEA.
   783 | D:1      | 783 ||| DRINKING 2 fizzy red potions.
   784 | D:1      | 784 ||| DROPPING scroll of immolation.
   785 | D:1      | 785 ||| DROPPING scroll of butterflies.
   835 | D:2      | Reached skill level 1 in Armour
   843 | D:2      | Found an opulent altar of Gozag.
   943 | D:2      | Reached XP level 3. HP: 17/21 MP: 3/3
  1015 | D:2      | Reached skill level 5 in Ranged Weapons
  1307 | D:2      | 1307 ||| READING 2 scrolls labelled IWIH CIYNGOUTE.
  1308 | D:2      | 1308 ||| READING scroll labelled SAOVAA YQUEMUS.
  1309 | D:2      | 1309 ||| READING scroll labelled KEZEUPN VEOXT.
  1310 | D:2      | 1310 ||| READING scroll labelled RAFREA UCVED.
  1315 | D:2      | 1315 ||| DROPPING scroll of amnesia.
  1356 | D:3      | Reached XP level 4. HP: 27/27 MP: 4/4
  1374 | D:3      | Reached skill level 3 in Fighting
  1733 | D:3      | 1733 ||| UPGRADING to +0 helmet.
  1738 | D:3      | 1738 ||| DROPPING +1 hat.
  1739 | D:3      | 1739 ||| UPGRADING to ring of protection from cold.
  1740 | D:3      | 1740 ||| READING 2 scrolls labelled UNUTUF HONARE.
  1741 | D:3      | 1741 ||| READING scroll of enchant weapon.
  1741 | D:3      | 1741 ||| ENCHANTING +1 shortbow.
  1742 | D:3      | 1742 ||| READING scroll labelled NEILUJITOP.
  1743 | D:3      | 1743 ||| READING 2 scrolls of identify.
  1743 | D:3      | 1743 ||| IDENTIFYING fizzy inky potion
  1744 | D:3      | 1744 ||| DROPPING potion of berserk rage.
  1756 | D:4      | 1756 ||| STAIRDANCE
  1771 | D:4      | 1771 ||| STAIRDANCE
  1774 | D:3      | HP: 4/28 [gnoll/+0 club (5)]
  1778 | D:3      | Reached XP level 5. HP: 6/32 MP: 5/5
  1779 | D:3      | HP: 5/32 [gnoll/+0 club (2)]
  1902 | D:4      | Reached skill level 6 in Ranged Weapons
  1902 | D:4      | 1902 ||| STAIRDANCE
  2034 | D:4      | Identified the +1 helmet of Generosity {rF+ Will+}
  2034 | D:4      | Noticed Robin
  2047 | D:4      | Killed Robin
  2137 | D:4      | Found an opulent altar of Gozag.
  2144 | D:4      | Found a shimmering blue altar of Sif Muna.
  2174 | D:4      | Found a runed translucent door.
  2175 | D:4      | Noticed Crazy Yiuf
  2392 | D:4      | 2392 ||| Stepping ~*~*~tactically~*~*~ (outnumbered).
  2392 | D:4      | Noticed Grinder
  2394 | D:4      | 2394 ||| RETREATING.
  2395 | D:4      | 2395 ||| Stepping ~*~*~tactically~*~*~ (retreating).
  2396 | D:4      | 2396 ||| Stepping ~*~*~tactically~*~*~ (retreating).
  2400 | D:4      | Reached XP level 6. HP: 38/38 MP: 6/6
  2417 | D:4      | Killed Grinder
  2418 | D:4      | Reached skill level 7 in Ranged Weapons
  2418 | D:4      | Reached XP level 7. HP: 23/43 MP: 7/7
  2645 | D:4      | 2645 ||| DRINKING 2 potions of curing.
  2645 | D:4      | 2645 ||| (to cure confusion)
  2664 | D:4      | 2664 ||| FLEEEEING.
  2710 | D:4      | 2710 ||| DRINKING potion of curing.
  2710 | D:4      | 2710 ||| (to cure confusion)
  2943 | D:4      | 2943 ||| UPGRADING to +1 helmet of Generosity {rF+ Will+}.
  2953 | D:4      | 2953 ||| DROPPING +0 helmet.
  2954 | D:4      | 2954 ||| READING scroll labelled IVOVILEZATOHU.
  2955 | D:4      | 2955 ||| DRINKING 2 emerald potions.
  2955 | D:4      | Gained mutation: Your flesh is heat resistant. (rF+)
                  | [potion of mutation]
  2955 | D:4      | Gained mutation: Your mind is acute. (Int +4, Str/Dex -1)
                  | [potion of mutation]
  2955 | D:4      | Gained mutation: You have a pair of small antennae on your
                  | head. [potion of mutation]
  2956 | D:4      | 2956 ||| DROPPING +1 helmet of Generosity {rF+ Will+}.
  3045 | D:5      | Entered Level 5 of the Dungeon
  3226 | D:5      | Reached skill level 8 in Ranged Weapons
  3922 | D:5      | Found a hide-covered altar of Uskayaw.
  3922 | D:5      | Found a glowing golden altar of the Shining One.
  3928 | D:5      | Found a snail-covered altar of Cheibriados.
  3930 | D:5      | Found a faded altar of an unknown god.
  3932 | D:5      | Found a faded altar of an unknown god.
  4084 | D:5      | 4084 ||| DROPPING ring of wizardry.
  4085 | D:5      | 4085 ||| READING scroll labelled SUROJO MALUGU.
  4086 | D:5      | 4086 ||| READING scroll labelled XAECVA WU FUYFA.
  4087 | D:5      | 4087 ||| DRINKING 2 grey potions.
  4088 | D:5      | 4088 ||| READING 2 scrolls of identify.
  4088 | D:5      | 4088 ||| IDENTIFYING fizzy black potion
  4089 | D:5      | 4089 ||| DROPPING potion of degeneration.
  4090 | D:5      | 4090 ||| DROPPING potion of attraction.
  4156 | D:6      | Noticed Menkaure
  4161 | D:6      | 4161 ||| STAIRDANCE
  4222 | D:6      | 4222 ||| STAIRDANCE
  4225 | D:5      | Killed Menkaure
  4226 | D:5      | Reached XP level 8. HP: 41/49 MP: 8/8
  4283 | D:6      | Noticed Prince Ribbit
  4298 | D:6      | HP: 5/49 [Prince Ribbit (9)]
  4301 | D:6      | 4301 ||| READING 2 scrolls of teleportation.
  4301 | D:6      | Slain by Prince Ribbit

Levels and vault maps discovered:
D:1:      matt_arrival_spirals, layout_loops_ring
D:2:      layout_rooms, basic_altar, chequers_serial_rivers_micro_b
D:3:      layout_rooms
D:4:      layout_loops_ring, grunt_temple_overflow_open, uniq_robin,
          uniq_grinder, uniq_crazy_yiuf_cottage
D:5:      layout_loops_corners, chequers_temple_overflow_minitemple,
          minmay_misc_feat_nine_boxes, kennysheep_generic_room_15
D:6:      layout_basic, minmay_temple_entry_enclosed_plants, minmay_puff,
          uniq_blork_the_orc, uniq_prince_ribbit1, uniq_menkaure

Skill      XL: |  1  2  3  4  5  6  7 |
---------------+----------------------+-----
Armour         | 1 |  1.2
Ranged Weapons | 5 6 7 8 |  8.9
Fighting       | 3 4 5 |  5.0
Dodging        | |  1.5
Stealth        | |  1.1

Action                     |  1- 3 |  4- 6 |  7- 9 || total
---------------------------+-------+-------+-------++-------
   Fire: Shortbow          |    98 |   158 |   146 ||   402
    Use: Scroll            |     6 |     4 |     5 ||    15
         Potion            |     1 |       |     4 ||     5
 Armour: Leather armour    |    10 |       |       ||    10
         Ring mail         |    12 |    86 |    59 ||   157
  Dodge: Dodged            |    26 |    67 |    43 ||   136

Table legend:
 A = Non-vault XP
 B = Vault XP
 C = Vault XP percentage of total XP
 D = Non-vault monster count
 E = Vault monster count
 F = Vault count percentage of total count
                 A         B        C        D         E       F
            +---------+---------+-------+---------+---------+-------
      Total |     826 |     510 |  38.2 |      85 |      10 |  10.5
            +---------+---------+-------+---------+---------+-------
        D:1 |      19 |       0 |   0.0 |      13 |       0 |   0.0
        D:2 |      58 |       0 |   0.0 |      10 |       0 |   0.0
        D:3 |     132 |       0 |   0.0 |      23 |       0 |   0.0
        D:4 |     302 |     299 |  49.8 |      26 |       8 |  23.5
        D:5 |     302 |     211 |  41.1 |      12 |       2 |  14.3
        D:6 |      13 |       0 |   0.0 |       1 |       0 |   0.0
            +---------+---------+-------+---------+---------+-------
